Map: 데이터-C

Players

soO - Winner!

  • Race: Zerg Zerg
  • Spawn Location: 3:00

Galeforce

  • Race: Protoss Protoss
  • League: Master
  • Spawn Location: 9:00

Event: DreamHack SC2 Masters 2022 Atlanta (Offline)

VOD

Have the link to the VOD?

Description

Time

  • Played on: Nov. 18, 2022, 10:31 a.m.
  • Length: 5:49

All games in this series

Show
View Real Time Build Order
Export as new Build Order

soO Zerg - Winner!

Build Orders: Hatch First 

Get SALT Encoding   

  12  0:00  Drone  
  13  0:12  Overlord  
  13  0:16  Drone  
  14  0:30  Drone x2  
  16  0:49  Hatchery  
  15  0:51  Drone  
  15  0:56  Drone  
  17  0:59  Drone  
  18  1:10  Extractor  
  17  1:14  Spawning Pool  
  17  1:16  Drone  
  17  1:19  Drone  
  18  1:28  Drone  
  19  1:38  Drone  
  20  1:49  Drone  
  21  2:00  Queen x2  
  26  2:01  Zergling x4  
  27  2:10  Overlord  
  27  2:12  Drone  
  28  2:29  Drone x2  
  30  2:30  Hatchery  
  30  2:32  Drone  
  30  2:35  Drone  
  31  2:39  Queen  
  33  2:44  Overlord  
  33  2:49  Metabolic Boost  
  33  2:51  Drone  
  33  2:55  Drone  
  33  2:56  Drone  
  36  3:04  Drone  
  36  3:05  Drone  
  38  3:09  Queen  
  38  3:11  Overlord  
  40  3:15  Drone  
  40  3:16  Drone  
  42  3:20  Queen  
  44  3:30  Drone  
  44  3:31  Drone x2  
  44  3:33  Drone  
  48  3:42  Queen, Drone x2  
  48  3:44  Zergling x2  
  48  3:45  Zergling x4  
  55  3:49  Overlord  
  55  3:56  Drone  
  55  4:00  Roach Warren  
  55  4:03  Drone  
  55  4:06  Overlord  
  55  4:08  Drone  
  57  4:11  Spore Crawler  
  57  4:12  Spore Crawler  
  57  4:14  Zergling x10  
  57  4:17  Overlord  
  60  4:19  Spore Crawler  
  59  4:29  Zergling x14  
  66  4:35  Overlord  
  66  4:39  Zergling x4  
  67  4:54  Roach x7  
  81  5:02  Overlord  
  81  5:09  Overlord  
  80  5:22  Zergling x18  
  86  5:32  Extractor  
Show
View Real Time Build Order
Export as new Build Order

Galeforce Protoss 

Build Orders: 1 Gate Expand 

Get SALT Encoding   

  12  0:00  Probe  
  13  0:12  Probe  
  14  0:17  Pylon  
  14  0:24  Probe  
  15  0:36  Probe (Chrono Boost)  
  15  0:38  Gateway  
  16  0:47  Assimilator  
  16  0:48  Probe (Chrono Boost)  
  17  0:53  Probe (Chrono Boost)  
  18  1:03  Probe  
  19  1:15  Probe  
  20  1:29  Nexus  
  21  1:37  Cybernetics Core  
  21  1:39  Probe  
  21  1:44  Assimilator  
  21  1:51  Pylon  
  21  1:55  Probe  
  22  2:07  Probe  
  23  2:10  Stalker (Chrono Boost)  
  23  2:14  Warp Gate  
  25  2:19  Probe  
  26  2:26  Robotics Facility  
  26  2:35  Stalker  
  28  2:37  Probe (Chrono Boost)  
  30  2:47  Probe x2 (Chrono Boost)  
  30  2:52  Probe (Chrono Boost)  
  30  2:53  Probe  
  32  3:01  Gateway  
  32  3:04  Probe  
  33  3:06  Probe (Chrono Boost)  
  34  3:16  Observer (Chrono Boost), Robotics Bay  
  34  3:19  Assimilator  
  36  3:22  Probe (Chrono Boost)  
  36  3:24  Probe (Chrono Boost)  
  37  3:29  Probe (Chrono Boost)  
  39  3:36  Stalker  
  39  3:41  Warp Prism (Chrono Boost)  
  40  3:46  Probe x2  
  44  3:50  Pylon  
  44  3:54  Assimilator  
  44  3:58  Probe  
  45  4:04  Pylon  
  45  4:05  Gravitic Drive  
  45  4:07  Disruptor (Chrono Boost)  
  48  4:13  Probe x2  
  50  4:25  Probe x2  
  50  4:26  Pylon  
  50  4:31  Sentry  
  54  4:33  Pylon  
  54  4:34  Disruptor (Chrono Boost)  
  57  4:57  Pylon  
  57  4:59  Probe x2  
  65  5:10  Gateway, Stalker  
  65  5:11  Gateway  
  65  5:15  Sentry  
  65  5:18  Probe x2  
  61  5:32  Probe x2  
  61  5:36  Gateway x2  
  61  5:38  Stalker  
Tags
 
Add a new tag
Caveats
  • Supply blocks, unpowered buildings, or Contaminate may cause inaccurate times.
  • Supply counts are checked every 10 seconds.